 Dungeon Crawl Stone Soup version 0.30-a0-799-g109b55a442 (webtiles) character file.

Game seed: 5700490113986050643

40 dolemite99 the Chopper (level 3, 0/31 HPs)
             Began as a Hill Orc Fighter on Feb 21, 2023.
             Engulfed by a cloud of poison gas (7 damage)
             ... on level 4 of the Dungeon.
             The game lasted 00:01:06 (753 turns).

dolemite99 the Chopper (Hill Orc Fighter)            Turns: 753, Time: 00:01:07

Health: 0/31       AC:  8    Str: 20    XL:     3   Next: 50%
Magic:  3/3        EV:  9    Int:  8    God:
Gold:   53         SH:  4    Dex: 10    Spells: 2/2 levels left

rFire   . . .      SeeInvis .    a - +0 war axe
rCold   . . .      Faith    .    c - +0 buckler
rNeg    . . .      Spirit   .    b - +0 scale mail
rPois   .          Reflect  .    (no helmet)
rElec   .          Harm     .    l - +0 cloak
rCorr   .          Rampage  .    (no gloves)
Will    .....                    (no boots) Stlth
                                 (no amulet)
HPRegen 0.25/turn                (no ring)
MPRegen 0.08/turn                (no ring)

@: mighty, lethally poisoned (0 -> -27)
A: no striking features
a: no special abilities


You were on level 4 of the Dungeon.
You visited 1 branch of the dungeon, and saw 3 of its levels.

You collected 53 gold pieces.

Inventory:

Hand Weapons
 a - a +0 war axe (weapon)
 g - a +1 spear of pain
Missiles
 k - an atropa-tipped dart (quivered)
Armour
 b - a +0 scale mail (worn)
 c - a +0 buckler (worn)
 l - a +0 cloak (worn)
Jewellery
 i - an amulet of regeneration
Potions
 f - a potion of heal wounds {unknown}
 h - a potion of attraction {unknown}
 j - a potion of flight {unknown}


   Skills:
 - Level 3.6 Fighting
 + Level 5.1 Axes
 - Level 3.2 Armour
 - Level 3.2 Shields


You had 2 spell levels left.
You didn't know any spells.
Your spell library was empty.

Dungeon Overview and Level Annotations

Branches:
Dungeon (2/15)

Altars:


Message History

A gnoll is wielding a +0 flail of protection.
Found 2 boomerangs and a ring mail.
The gnoll shouts!
A gnoll comes into view. It is wielding a +0 club.
Found 5 atropa-tipped darts.
The gnoll attacks as you move away!
The gnoll hits you with a +0 flail of protection.
A phantom comes into view.
The phantom moves out of view.
The gnoll attacks as you move away! The gnoll hits you but does no damage.
The phantom barely misses you.
The phantom hits you but does no damage.
The phantom attacks as you move away! The phantom closely misses you.
The air fills with toxic fumes!
As you read the scroll labelled DOZASU RE YBRYSE, it crumbles to dust.
It was a scroll of poison.
The gnoll hits you with a +0 flail of protection!
You block the phantom's attack.
Really walk into that cloud of poison gas? [Y]es or [N]o only, please.
Really walk into that cloud of poison gas? [Y]es or [N]o only, please.
Really walk into that cloud of poison gas? [Y]es or [N]o only, please.
Really walk into that cloud of poison gas?
Okay, then.
Unknown command.
You feel very mighty all of a sudden.
The gnoll hits you with a +0 flail of protection.
The phantom hits you.
The phantom blinks!
You blink.
You are engulfed in poison gas.
You are lethally poisoned!
* * * LOW HITPOINT WARNING * * *
You feel very sick.
The phantom hits you but does no damage.
You slash the phantom!
The phantom is heavily damaged.
You are engulfed in poison gas.
You are more poisoned.
You die...

#....# .(g.[
#....#####.
#....# §..
###.###§##
#.g§...##
#######§##§§#
#..§§§§§§§§§#
#..§§W§§§§§§###
#..§§@§§§g.§§.#
######§§#####.#
##.# .# #.# .
###


You could see a phantom and a gnoll.

Vanquished Creatures
  A dart slug (D:2)
  3 bats (D:1)
  4 endoplasms
  8 goblins
  4 hobgoblins
  4 jackals (D:2)
  2 ball pythons
  3 frilled lizards (D:1)
  3 kobolds (D:1)
  2 rats (D:1)
34 creatures vanquished.

Notes
Turn   | Place    | Note
-------+----------+-------------------------------------------
     0 | D:1      | dolemite99 the Hill Orc Fighter began the quest for the
                  | Orb.
     0 | D:1      | Reached XP level 1. HP: 19/19 MP: 1/1
    28 | D:1      | Reached skill level 3 in Axes
    64 | D:1      | Reached XP level 2. HP: 24/26 MP: 2/2
   132 | D:1      | Reached skill level 4 in Axes
   436 | D:1      | Reached XP level 3. HP: 31/31 MP: 3/3
   569 | D:2      | Reached skill level 5 in Axes
   716 | D:2      | You fall into a shaft and drop 2 floors!
   744 | D:4      | Noticed a phantom
   753 | D:4      | Engulfed by a cloud of poison gas

Illustrated notes

Levels and vault maps discovered:
D:1:      lemuel_arrival_lava_pool, layout_basic, minmay_stone_trees_small,
          minmay_pentomino_u4
D:2:      layout_loops_ring
D:4:      layout_rooms, serial_shops, shop

Skill      XL: |  1  2  3 |
---------------+----------+-----
Axes           | 3 4 5 |  5.1
Fighting       | |  3.6
Armour         | |  3.2
Shields        | |  3.2

Action                     || total
---------------------------++-------
  Melee: War axe           ||    68
  Throw: Dart              ||    12
    Use: Scroll            ||     1
         Potion            ||     1
 Armour: Scale mail        ||    31
  Dodge: Dodged            ||    48
  Block: Buckler           ||     8

Table legend: (Time is in decaauts)
 A = Elapsed time spent in this place.
 B = Non-inter-level travel time spent in this place.
 C = Inter-level travel time spent in this place.
 D = Time resting spent in this place.
 E = Time spent auto-exploring this place.
 F = Levels seen in this place.
 G = Mean time per level.
                   A        B        C        D        E       F      G
               +--------+--------+--------+--------+--------+-----+--------+
         Total |    775 |    766 |      9 |     46 |    446 |   3 |  258.3 |
       Dungeon |    775 |    766 |      9 |     46 |    446 |   3 |  258.3 |
               +--------+--------+--------+--------+--------+-----+--------+

Top non-repeatable levels by time:
     D:1: 555 daAuts
     D:2: 183 daAuts
     D:4: 36 daAuts
